Map: Interloper LE

Players

Winthrowe

  • Race: Protoss Protoss
  • League: Silver
  • Spawn Location: 5:00

ronin - Winner!

  • Race: Protoss Protoss
  • League: Silver
  • Spawn Location: 11:00

VOD

Have the link to the VOD?

Description

Time

  • Played on: Sept. 3, 2017, 3:19 p.m.
  • Length: 6:14
Show
View Real Time Build Order
Export as new Build Order

Winthrowe Protoss 

Build Orders:  

Get SALT Encoding   

  12  0:01  Probe (Chrono Boost)  
  13  0:12  Probe (Chrono Boost)  
  14  0:18  Pylon  
  14  0:23  Probe (Chrono Boost)  
  15  0:36  Probe (Chrono Boost)  
  16  0:44  Gateway  
  16  0:47  Probe (Chrono Boost)  
  16  0:49  Assimilator  
  17  0:57  Probe (Chrono Boost)  
  18  1:08  Probe (Chrono Boost)  
  18  1:10  Assimilator  
  19  1:22  Probe (Chrono Boost)  
  20  1:32  Probe (Chrono Boost)  
  21  1:43  Probe (Chrono Boost)  
  22  1:48  Cybernetics Core  
  22  1:51  Pylon  
  22  1:53  Probe (Chrono Boost)  
  23  1:55  Pylon  
  23  2:09  Zealot, Probe (Chrono Boost)  
  23  2:13  Gateway  
  26  2:19  Probe (Chrono Boost)  
  27  2:26  Warp Gate  
  27  2:30  Probe (Chrono Boost)  
  28  2:40  Probe (Chrono Boost)  
  30  2:51  Probe (Chrono Boost)  
  30  3:02  Probe (Chrono Boost)  
  31  3:08  Nexus  
  31  3:12  Probe (Chrono Boost)  
  32  3:21  Sentry, Gateway  
  32  3:22  Gateway  
  32  3:23  Probe (Chrono Boost)  
  32  3:24  Sentry  
  37  3:33  Probe (Chrono Boost)  
  38  3:44  Probe (Chrono Boost)  
  39  4:20  Stalker x2, Probe (Chrono Boost)  
  39  4:22  Pylon  
  44  4:25  Pylon  
  44  4:31  Pylon, Probe (Chrono Boost)  
  45  4:41  Twilight Council  
  37  5:07  Zealot  
  37  5:08  Zealot x3  
  35  5:24  Mothership Core (Chrono Boost)  
  34  5:36  Stalker  
  34  5:37  Stalker x3  
  24  6:03  Stalker  
  24  6:04  Stalker  
Show
View Real Time Build Order
Export as new Build Order

ronin Protoss - Winner!

Build Orders:  

Get SALT Encoding   

  12  0:06  Probe (Chrono Boost)  
  13  0:16  Pylon  
  13  0:20  Probe (Chrono Boost)  
  14  0:32  Probe (Chrono Boost)  
  15  0:37  Gateway  
  16  0:43  Probe (Chrono Boost)  
  16  0:53  Probe (Chrono Boost)  
  17  1:05  Pylon  
  17  1:28  Pylon  
  17  1:36  Cybernetics Core  
  17  1:37  Assimilator  
  17  1:40  Assimilator  
  17  1:43  Gateway  
  17  1:46  Gateway, Probe (Chrono Boost)  
  18  1:56  Probe (Chrono Boost)  
  19  2:07  Probe (Chrono Boost)  
  20  2:18  Warp Gate (Chrono Boost)  
  20  2:24  Pylon  
  20  2:26  Gateway  
  20  2:28  Probe  
  21  2:40  Gateway, Probe  
  22  2:52  Pylon  
  22  2:56  Probe  
  23  3:09  Zealot  
  23  3:11  Zealot  
  27  3:15  Gateway  
  27  3:31  Pylon  
  27  3:44  Gateway  
  27  4:24  Stalker  
  27  4:25  Zealot, Stalker  
  27  4:26  Zealot  
  27  4:27  Zealot  
  27  4:28  Stalker  
  39  4:47  Stalker x2  
  41  5:01  Stalker  
  41  5:02  Stalker  
  41  5:03  Zealot  
  41  5:05  Zealot  
  49  5:19  Zealot  
  49  5:20  Zealot  
  51  5:27  Stalker  
  53  5:47  Stalker  
  55  5:52  Pylon  
  55  5:55  Pylon  
Tags
 
Matchup
PvP
Spawn Locations
Cross Positions
Add a new tag
Caveats
  • Supply blocks, unpowered buildings, or Contaminate may cause inaccurate times.
  • Supply counts are checked every 10 seconds.